Map: Ascension to Aiur LE

Players

TRUE - Winner!

  • Race: Zerg Zerg
  • Spawn Location: 11:00

Nerchio

  • Race: Zerg Zerg
  • Spawn Location: 5:00

Event: WCS Montreal 2017

VOD

Have the link to the VOD?

Description

Time

  • Played on: Sept. 9, 2017, 5:36 p.m.
  • Length: 8:43

All games in this series

Show
View Real Time Build Order
Export as new Build Order

TRUE Zerg - Winner!

Build Orders: Hatch First, Zergling Baneling 

Get SALT Encoding   

  12  0:00  Drone  
  13  0:12  Overlord  
  13  0:16  Drone  
  14  0:30  Drone x2  
  14  0:34  Drone  
  17  0:51  Hatchery  
  17  0:54  Drone  
  17  1:08  Spawning Pool  
  17  1:09  Extractor  
  15  1:12  Drone  
  15  1:15  Drone  
  17  1:19  Drone  
  18  1:28  Drone  
  19  1:38  Overlord  
  19  1:54  Queen  
  19  1:55  Zergling x2  
  22  2:03  Queen  
  24  2:08  Metabolic Boost  
  24  2:13  Zergling x2  
  24  2:14  Zergling x2  
  26  2:35  Drone x5  
  26  2:36  Drone  
  32  2:46  Drone x2  
  34  2:58  Baneling Nest  
  34  3:00  Hatchery  
  34  3:05  Drone x3  
  35  3:08  Overlord  
  35  3:10  Drone  
  36  3:24  Overlord  
  36  3:26  Queen  
  36  3:27  Drone x2  
  39  3:29  Zergling x2  
  39  3:31  Zergling x2  
  42  3:42  Baneling x4  
  42  3:43  Zergling x6  
  42  3:44  Drone x2  
  42  3:45  Drone  
  42  3:48  Drone  
  49  3:49  Drone  
  49  3:51  Drone  
  49  3:53  Drone  
  52  4:07  Baneling x3  
  52  4:11  Queen, Extractor  
  52  4:12  Queen  
  52  4:14  Baneling  
  52  4:16  Zergling x6  
  58  4:20  Baneling  
  58  4:21  Overlord  
  58  4:26  Zergling x2  
  58  4:28  Zergling x2  
  58  4:30  Zergling x8  
  53  4:40  Baneling x2  
  53  4:41  Queen  
  53  4:42  Zergling x6  
  57  4:48  Zergling x6  
  57  4:49  Zergling x2  
  57  4:50  Zergling x2  
  61  4:53  Baneling x2  
  61  4:54  Zergling x2  
  61  4:55  Zergling x2  
  62  5:01  Zergling x2, Baneling x2  
  62  5:03  Queen  
  65  5:07  Zergling x2  
  65  5:11  Baneling x2  
  66  5:21  Zergling x2  
  66  5:22  Overlord  
  65  5:33  Lair  
  65  5:34  Overlord  
  57  5:45  Hatchery  
  57  5:49  Drone x8  
  64  5:51  Baneling  
  64  5:52  Baneling  
  64  5:55  Drone  
  64  5:56  Drone  
  66  5:59  Extractor  
  66  6:00  Extractor  
  64  6:07  Baneling x3  
  61  6:12  Zergling x2  
  61  6:13  Zergling x14  
  67  6:20  Zergling x2  
  67  6:21  Zergling x2  
  63  6:32  Zergling x4  
  64  6:33  Zergling x4  
  64  6:34  Zergling x2  
  64  6:38  Baneling x2  
  66  6:42  Spire  
  66  6:43  Zergling x4  
  66  6:51  Zergling x2  
  66  6:55  Zergling x2  
  66  6:57  Queen  
  66  6:59  Zergling x4  
  66  7:00  Zergling x2  
  74  7:05  Baneling x3  
  74  7:06  Zergling x2  
  74  7:07  Zergling x2  
  76  7:10  Baneling x2  
  75  7:18  Zergling x4  
  75  7:19  Zergling x6  
  78  7:28  Overlord  
  77  7:31  Baneling x2  
  77  7:32  Overlord  
  74  7:45  Baneling x2  
  74  7:46  Baneling x2  
  74  7:47  Baneling x2  
  74  7:53  Mutalisk  
  74  7:54  Mutalisk  
  74  7:56  Mutalisk  
  74  7:57  Mutalisk  
  76  8:00  Mutalisk  
  76  8:02  Zergling x2  
  76  8:04  Zergling x2  
  76  8:05  Zergling x2  
  76  8:07  Mutalisk  
  77  8:16  Mutalisk, Hatchery  
  77  8:21  Zergling x10  
  76  8:38  Spine Crawler  
  76  8:39  Spine Crawler  
Show
View Real Time Build Order
Export as new Build Order

Nerchio Zerg 

Build Orders: Hatch First, Zergling Baneling 

Get SALT Encoding   

  12  0:00  Drone  
  13  0:12  Overlord  
  13  0:17  Drone  
  14  0:30  Drone x2  
  14  0:34  Drone  
  17  0:51  Hatchery  
  17  0:55  Drone  
  17  0:58  Drone  
  18  1:05  Extractor  
  17  1:14  Spawning Pool  
  17  1:17  Drone  
  17  1:20  Drone  
  18  1:28  Drone  
  19  1:38  Overlord  
  19  2:01  Queen, Zergling x4  
  19  2:03  Queen, Zergling x2  
  26  2:09  Metabolic Boost  
  26  2:14  Drone  
  27  2:17  Drone  
  27  2:21  Drone  
  29  2:25  Drone  
  30  2:31  Baneling Nest  
  30  2:34  Drone  
  30  2:36  Drone  
  31  2:54  Hatchery  
  31  2:57  Drone  
  31  3:02  Overlord  
  31  3:08  Drone x2  
  31  3:12  Drone x2  
  35  3:13  Drone  
  36  3:22  Zergling x6  
  36  3:23  Zergling x2  
  36  3:26  Zergling x2  
  41  3:28  Zergling x2  
  41  3:34  Zergling x4  
  44  3:40  Overlord  
  44  3:45  Overlord  
  44  3:58  Baneling x5  
  44  3:59  Baneling  
  44  4:00  Zergling x12  
  50  4:06  Zergling x2  
  51  4:12  Zergling x2  
  51  4:13  Baneling x3  
  51  4:15  Zergling x6  
  51  4:16  Zergling x4  
  57  4:19  Zergling x2  
  57  4:21  Zergling x2  
  58  4:29  Zergling x2  
  58  4:30  Zergling x6  
  56  4:35  Baneling x2  
  53  4:39  Zergling x4  
  53  4:41  Zergling x2  
  56  4:48  Zergling x10  
  56  4:50  Zergling x2, Baneling x2  
  56  4:52  Zergling x2  
  61  4:55  Drone  
  61  4:59  Zergling x4  
  57  5:02  Zergling x2  
  57  5:05  Drone  
  59  5:11  Drone x2, Evolution Chamber  
  60  5:15  Drone  
  57  5:21  Drone  
  57  5:22  Drone  
  57  5:26  Drone  
  58  5:29  Queen  
  58  5:33  Evolution Chamber  
  56  5:41  Baneling x5  
  56  5:42  Zergling x12  
  61  5:44  Zergling x2  
  61  5:46  Zergling x2  
  63  5:50  Spine Crawler  
  63  5:52  Drone x2  
  63  5:56  Drone  
  65  5:59  Overlord  
  65  6:01  Overlord  
  63  6:16  Zergling x2  
  63  6:17  Zergling x16  
  69  6:24  Zergling x2  
  63  6:25  Zergling x2  
  63  6:30  Zerg Ground Armor Level 1  
  63  6:31  Zergling x2  
  63  6:32  Zergling x2  
  63  6:33  Zergling x4  
  63  6:34  Zergling x2  
  63  6:36  Zergling x2  
  63  6:40  Zergling x2  
  63  6:44  Drone  
  63  6:46  Queen, Extractor  
  64  6:48  Drone  
  64  6:51  Baneling x2  
  64  6:52  Drone  
  66  6:54  Drone  
  66  6:57  Drone  
  66  6:58  Drone  
  66  6:59  Overlord x2  
  68  7:02  Overlord  
  68  7:04  Overlord  
  67  7:08  Overlord  
  63  7:15  Zergling x2  
  63  7:16  Zergling x4  
  63  7:18  Zergling x6  
  63  7:22  Zergling x4  
  67  7:31  Zergling x10  
  68  7:38  Zergling x2  
  68  7:41  Zergling x2  
  68  7:42  Queen, Zergling x2  
  66  7:46  Queen, Zergling x2  
  68  7:51  Zergling x2  
  68  7:53  Zergling x2  
  60  7:58  Zergling x2  
  60  8:01  Queen, Zergling x2  
  60  8:04  Zergling x2  
  56  8:05  Zergling x2  
  56  8:07  Zergling x2  
  56  8:10  Zergling x2  
  53  8:13  Zergling x4  
  53  8:17  Zergling x2  
  56  8:20  Zergling x2  
  56  8:22  Zergling x2  
Tags
 
Add a new tag
Caveats
  • Supply blocks, unpowered buildings, or Contaminate may cause inaccurate times.
  • Supply counts are checked every 10 seconds.